[Event "USA Junior-ch 2022"]
[Site "Saint Louis"]
[Date "2022.07.10"]
[Round "4.5"]
[White "Brodsky, David"]
[Black "Jacobson, Brandon"]
[Result "0-1"]
[ECO "C54"]
[WhiteElo "2496"]
[BlackElo "2544"]
[Annotator "TA"]
[PlyCount "80"]
[EventDate "2022.07.07"]
[EventType "tourn"]
[EventCountry "USA"]
[SourceTitle "playchess.com"]
[Source "ChessBase"]
[SourceQuality "1"]
[TimeControl "40/5400+30:1800+30"]

1. e4 e5 2. Nf3 Nc6 3. Bc4 Nf6 4. d3 Bc5 5. c3 d6 6. O-O a6 7. a4 {[%emt 0:00:08] C54: Giuoco Piano: 4 c3 Nf6, main lines with 5 d4 and 5 d3.} Ba7 8. Nbd2 Nh5 {[%emt 0:00:27][%cal Bf6h5,Bh5f4,Bf4h3][%mdl 32] [#]} 9. d4 $146 {[%emt 0:08:51][%cal Of3e5] White is slightly better.} ({Predecessor:} 9. Nb3 Qf6 10. Nxe5 Nxe5 11. Qxh5 Bg4 12. Qg5 Be2 13. Qxf6 gxf6 14. Bf4 Nxc4 15. dxc4 Bxc4 {0-1 (34) Vignesh,N (2436)-Wagner,D (2590) Moscow 2020}) 9... Nf4 10. g3 (10. b4 $11) 10... Nh3+ $15 11. Kg2 h6 12. Nh4 Nf4+ 13. Kh1 Qf6 14. Nf5 (14. gxf4 $11 Qxh4 15. Nf3) 14... Ng6 15. f4 exd4 16. Nxd4 Nxd4 17. cxd4 Qxd4 {[%emt 0:00:59] ...Bh3 is the strong threat.} 18. Qh5 {[%emt 0:03:38] Prevents Bh3.} (18. Qc2 $1 $15) 18... Qf6 (18... Bd7 $17 {aiming for ...Bc6.} 19. Qe2 Bc6) 19. Nf3 Ne7 20. f5 {[%emt 0:06:45] Inhibits Be6.} (20. Bd2 $11 {remains equal.}) 20... g6 $17 {[%emt 0:01:50] Black keeps a firm grip on the game.} 21. fxg6 fxg6 22. Qh4 Qxh4 23. Nxh4 Bh3 24. Ng2 g5 25. Ra3 Nc6 26. Bd5 O-O-O 27. Raf3 {[%emt 0:01:22] Inhibits Rdf8.} (27. Be3 $142) 27... Ne5 $19 28. Rf6 Rde8 29. Bd2 Bd4 30. b4 (30. Bc3 {was worth a try.} Bxc3 31. bxc3) 30... Ng4 31. Rf7 c6 {[%emt 0:00:14] Prevents b5.} 32. Bb3 Rxe4 {[%emt 0:00:13] [#] White must now prevent ...Re2.} 33. Bd1 {[%emt 0:01:06] Against Re2} Rhe8 {[%emt 0:00:02][%cal Oe4e2] Strongly threatening ...Re2!} 34. b5 R4e7 35. R7f3 (35. Rxe7 $142 Rxe7 36. Bxg4+ Bxg4 37. Re1 Rxe1+ 38. Nxe1) 35... h5 36. Rf8 Kd7 37. Bxg5 Rxf8 {[%emt 0:00:23] Black is clearly winning.} 38. Rxf8 Re5 39. bxc6+ bxc6 40. Bf4 Nf2+ {[%emt 0:00:09] Weighted Error Value: White=0.58/Black=0.21 (precise)} 0-1

[Event "USA Junior-ch 2022"]
[Site "Saint Louis"]
[Date "2022.07.11"]
[Round "5.1"]
[White "Jacobson, Brandon"]
[Black "Liang, Awonder"]
[Result "0-1"]
[ECO "E11"]
[WhiteElo "2544"]
[BlackElo "2625"]
[Annotator "ChessBase"]
[PlyCount "60"]
[EventDate "2022.07.07"]
[EventType "tourn"]
[EventCountry "USA"]
[SourceTitle "playchess.com"]
[Source "ChessBase"]
[SourceQuality "1"]
[TimeControl "40/5400+30:1800+30"]

1. d4 Nf6 2. c4 e6 3. Nf3 d5 4. g3 Bb4+ 5. Bd2 Be7 6. Bg2 O-O 7. O-O Nbd7 8. Qc2 c6 9. Bf4 b6 10. Nbd2 Nh5 11. e3 Bb7 12. cxd5 exd5 13. h4 Nxf4 14. exf4 c5 15. Rad1 Rc8 16. Rfe1 Nf6 17. Nb1 cxd4 18. Qd3 Ne4 19. Nxd4 Bf6 20. Nb5 Qe7 21. N1c3 Qc5 22. Bxe4 dxe4 23. Nxe4 Bxe4 24. Rxe4 Rcd8 25. Nd6 Rd7 26. b4 Qc7 27. Rc4 Qb8 28. Rc6 Rfd8 29. Qf5 Be7 30. Rc8 Rxd6 0-1

[Event "USA Junior-ch 2022"]
[Site "Saint Louis"]
[Date "2022.07.12"]
[Round "5.2"]
[White "Mishra, Abhimanyu"]
[Black "Hong, Andrew"]
[Result "1/2-1/2"]
[ECO "C54"]
[WhiteElo "2553"]
[BlackElo "2504"]
[Annotator "ChessBase"]
[PlyCount "213"]
[EventDate "2022.07.07"]
[EventType "tourn"]
[EventCountry "USA"]
[SourceTitle "playchess.com"]
[Source "ChessBase"]
[SourceQuality "1"]
[TimeControl "40/5400+30:1800+30"]

1. e4 e5 2. Nf3 Nc6 3. Bc4 Bc5 4. c3 Nf6 5. d3 d6 6. O-O h6 7. Re1 O-O 8. Nbd2 a5 9. Nf1 a4 10. Bb5 a3 11. b4 Bb6 12. Be3 Bxe3 13. Nxe3 Ne7 14. Ba4 Ng6 15. Bb3 Re8 16. Qc2 c6 17. Rad1 d5 18. exd5 cxd5 19. d4 e4 20. Ne5 Nxe5 21. dxe5 Rxe5 22. Bxd5 Qc7 23. Qb3 Kf8 24. Rd4 Bd7 25. Red1 Ree8 26. b5 Nxd5 27. Nxd5 Qa5 28. c4 Be6 29. h3 Bf5 30. Qg3 Rad8 31. Qf4 Bg6 32. Kh2 Rd7 33. c5 Red8 34. c6 bxc6 35. bxc6 Rxd5 36. Rxd5 Rxd5 37. Qb8+ Ke7 38. Qb7+ Kf6 39. c7 Rxd1 40. Qc6+ Kg5 41. c8=Q Qe5+ 42. g3 Bf5 43. Qc5 Qxc5 44. Qxc5 Kg6 45. Qxa3 Rd2 46. Qa7 e3 47. Qxe3 Rxa2 48. g4 Be6 49. Qe4+ Kf6 50. Kg3 Ra3+ 51. f3 Rb3 52. h4 Ke7 53. Kf2 Rb2+ 54. Ke1 Rb5 55. f4 g6 56. h5 gxh5 57. f5 Rb6 58. f6+ Kd7 59. Qd3+ Kc6 60. Qc2+ Kb7 61. Qe4+ Ka6 62. Qa4+ Kb7 63. Qe4+ Ka6 64. Qa8+ Kb5 65. gxh5 Rd6 66. Qb8+ Kc6 67. Qe8+ Kb7 68. Qe7+ Kc6 69. Qe8+ Kb7 70. Qb5+ Kc7 71. Qc5+ Kd7 72. Qa7+ Kc6 73. Qa4+ Kb7 74. Qb4+ Kc6 75. Qc3+ Kd7 76. Qe3 Rd5 77. Qxh6 Bg4 78. Qe3 Bxh5 79. Qe7+ Kc6 80. Kf2 Bg6 81. Ke3 Rd3+ 82. Kf4 Rd5 83. Qa7 Rf5+ 84. Kg4 Rd5 85. Qa6+ Kc7 86. Qa7+ Kc6 87. Qb8 Rc5 88. Qc8+ Kd6 89. Qd8+ Kc6 90. Kf4 Rf5+ 91. Ke3 Rd5 92. Qe7 Rd3+ 93. Kf4 Rd5 94. Qe8+ Kc7 95. Ke3 Rd3+ 96. Ke2 Rd5 97. Qa8 Kd6 98. Qa7 Kc6 99. Kf2 Rf5+ 100. Kg3 Rg5+ 101. Kf4 Rf5+ 102. Kg4 Rd5 103. Qa8+ Kd6 104. Qd8+ Kc6 105. Qa8+ Kd6 106. Qd8+ Kc6 107. Qa8+ 1/2-1/2

[Event "USA Junior-ch 2022"]
[Site "Saint Louis"]
[Date "2022.07.11"]
[Round "5.3"]
[White "Yoo, Christopher Woojin"]
[Black "Daggupati, Balaji"]
[Result "1-0"]
[ECO "A09"]
[WhiteElo "2550"]
[BlackElo "2488"]
[Annotator "ChessBase"]
[PlyCount "81"]
[EventDate "2022.07.07"]
[EventType "tourn"]
[EventCountry "USA"]
[SourceTitle "playchess.com"]
[Source "ChessBase"]
[SourceQuality "1"]
[TimeControl "40/5400+30:1800+30"]

1. Nf3 d5 2. c4 d4 3. b4 c5 4. e3 dxe3 5. fxe3 cxb4 6. a3 e5 7. Nxe5 Bd6 8. Bb2 Nf6 9. axb4 O-O 10. Be2 Re8 11. Nf3 Bxb4 12. O-O Nc6 13. Nc3 Bg4 14. Qb3 Bf8 15. h3 Bxf3 16. Bxf3 Qxd2 17. Nd5 Nxd5 18. Bxd5 Nd8 19. Bd4 Qb4 20. Qc2 Qd6 21. Rf3 Qg6 22. Qf2 Bd6 23. Rf1 Rf8 24. c5 Be7 25. Rf4 Bg5 26. Rg4 h5 27. Rg3 Kh7 28. Qf3 h4 29. Be4 f5 30. Rg4 Qh6 31. Bxf5+ Kh8 32. Qe4 Nc6 33. Rxg5 Nxd4 34. Rg6 Ne2+ 35. Kh2 Qh5 36. Qe7 Rg8 37. Rg5 Qh6 38. Bg6 Ng3 39. Rf4 Rad8 40. Rgg4 Rd5 41. Rf8 1-0

[Event "USA Junior-ch 2022"]
[Site "Saint Louis"]
[Date "2022.07.11"]
[Round "5.4"]
[White "Yip, Carissa"]
[Black "Espinosa, Pedro"]
[Result "0-1"]
[ECO "A00"]
[WhiteElo "2416"]
[BlackElo "2130"]
[Annotator "ChessBase"]
[PlyCount "120"]
[EventDate "2022.07.07"]
[EventType "tourn"]
[EventCountry "USA"]
[SourceTitle "playchess.com"]
[Source "ChessBase"]
[SourceQuality "1"]
[TimeControl "40/5400+30:1800+30"]

1. g3 d5 2. Bg2 e5 3. d3 Nf6 4. Nd2 Bc5 5. e3 Bf5 6. h3 O-O 7. a3 Nc6 8. Ne2 Qd7 9. b3 h5 10. Bb2 a5 11. Nf3 Rfe8 12. Nh4 Bh7 13. O-O Rad8 14. Nf3 Qe7 15. d4 exd4 16. Nexd4 Nxd4 17. exd4 Bd6 18. Re1 Ne4 19. c4 c6 20. h4 Qf6 21. Qe2 Bf5 22. Ne5 g6 23. cxd5 cxd5 24. Rf1 Bxe5 25. dxe5 Qb6 26. Kh2 Qxb3 27. Bd4 Rc8 28. Qe1 Qa4 29. Qe3 Nf6 30. f3 Nd7 31. Rad1 Rc2 32. Ba1 Be6 33. Rfe1 Ra2 34. Rc1 Qxa3 35. Bc3 b5 36. Qf4 Qa4 37. Bd4 b4 38. g4 hxg4 39. fxg4 Rc2 40. h5 Rxc1 41. Rxc1 Nf8 42. Qf6 Nh7 43. Qf2 Qd7 44. Qd2 Rb8 45. Qh6 Nf8 46. Bc5 Qe8 47. Bd6 Rc8 48. Rh1 Nh7 49. Rf1 g5 50. Rf5 Qd8 51. Rf2 b3 52. Ba3 Rc2 53. Rf6 Qe8 54. Rf1 b2 55. Rg1 Qb5 56. Be7 b1=Q 57. Rxb1 Qxb1 58. Bf6 Nxf6 59. Qxg5+ Kf8 60. Qxf6 Ke8 0-1

[Event "USA Junior-ch 2022"]
[Site "Saint Louis"]
[Date "2022.07.11"]
[Round "5.5"]
[White "Wang, Justin"]
[Black "Brodsky, David"]
[Result "1/2-1/2"]
[ECO "D43"]
[WhiteElo "2469"]
[BlackElo "2496"]
[Annotator "ChessBase"]
[PlyCount "84"]
[EventDate "2022.07.07"]
[EventType "tourn"]
[EventCountry "USA"]
[SourceTitle "playchess.com"]
[Source "ChessBase"]
[SourceQuality "1"]
[TimeControl "40/5400+30:1800+30"]

1. d4 Nf6 2. c4 e6 3. Nf3 d5 4. Nc3 c6 5. Bg5 h6 6. Bxf6 Qxf6 7. e3 Nd7 8. Bd3 g6 9. O-O Bg7 10. Qe2 O-O 11. Rac1 Qe7 12. Nd2 Rd8 13. Rfd1 Nf6 14. Nf3 Bd7 15. c5 Be8 16. b4 b6 17. Ne5 bxc5 18. bxc5 Rab8 19. Qc2 Qc7 20. f4 Nd7 21. Nf3 Qa5 22. Nb1 Rb4 23. Nbd2 Rdb8 24. Rb1 Nf6 25. Rxb4 Rxb4 26. h3 Qa4 27. Rb1 Qxc2 28. Bxc2 Rxb1+ 29. Nxb1 Nd7 30. Nbd2 Kf8 31. g4 Ke7 32. h4 Kd8 33. Kf2 Kc7 34. Bd3 Nf6 35. Ne5 Nd7 36. Ndf3 f5 37. Nxd7 Bxd7 38. Kg3 Kd8 39. Ne5 Bxe5 40. dxe5 h5 41. gxh5 gxh5 42. Kf2 Kc7 1/2-1/2

[Event "USA Junior-ch 2022"]
[Site "Saint Louis"]
[Date "2022.07.13"]
[Round "6.1"]
[White "Wang, Justin"]
[Black "Yoo, Christopher Woojin"]
[Result "0-1"]
[ECO "A09"]
[WhiteElo "2469"]
[BlackElo "2550"]
[Annotator "ChessBase"]
[PlyCount "124"]
[EventDate "2022.07.07"]
[EventType "tourn"]
[EventCountry "USA"]
[SourceTitle "playchess.com"]
[Source "ChessBase"]
[SourceQuality "1"]
[TimeControl "40/5400+30:1800+30"]

1. Nf3 d5 2. c4 d4 3. b4 c5 4. d3 cxb4 5. a3 bxa3 6. Bxa3 Nf6 7. g3 g6 8. Bg2 Bg7 9. O-O O-O 10. Nbd2 Nc6 11. Nb3 Re8 12. Nfd2 Qc7 13. Qc2 Nd7 14. Rfb1 b6 15. c5 Bb7 16. cxb6 axb6 17. Rc1 Rec8 18. Bxe7 Rxa1 19. Nxa1 Qe5 20. Ba3 Qxe2 21. Nc4 Qxc2 22. Nxc2 Ba8 23. Nd6 Rd8 24. Bxc6 Bxc6 25. Nxd4 Bxd4 26. Rxc6 Ne5 27. Rc7 Ra8 28. Nb5 Nxd3 29. Nxd4 Rxa3 30. f4 Ra1+ 31. Kg2 Ra2+ 32. Kg1 Ra4 33. Nc6 Ra1+ 34. Kg2 Rc1 35. Ne7+ Kg7 36. Rb7 Rc2+ 37. Kg1 Ne1 38. h4 Nf3+ 39. Kf1 Nd2+ 40. Ke2 Ne4+ 41. Kd3 Nc5+ 42. Kxc2 Nxb7 43. g4 Nd6 44. Kd3 b5 45. Kd4 h5 46. g5 Kf8 47. Nd5 Nf5+ 48. Kc5 Nxh4 49. Ne3 Nf3 50. Kxb5 h4 51. Kc4 h3 52. Ng4 h2 53. Nf2 Ng1 54. Kd4 Nh3 55. Nh1 Nxf4 56. Ke4 Ne6 57. Kf3 Nxg5+ 58. Kg2 Ne4 59. Kxh2 f5 60. Ng3 Nxg3 61. Kxg3 Kf7 62. Kf4 Kf6 0-1

[Event "USA Junior-ch 2022"]
[Site "Saint Louis"]
[Date "2022.07.13"]
[Round "6.2"]
[White "Espinosa, Pedro"]
[Black "Jacobson, Brandon"]
[Result "0-1"]
[ECO "A50"]
[WhiteElo "2130"]
[BlackElo "2544"]
[Annotator "ChessBase"]
[PlyCount "66"]
[EventDate "2022.07.07"]
[EventType "tourn"]
[EventCountry "USA"]
[SourceTitle "playchess.com"]
[Source "ChessBase"]
[SourceQuality "1"]
[TimeControl "40/5400+30:1800+30"]

1. d4 Nf6 2. c4 b6 3. Nc3 Bb7 4. d5 e6 5. a3 g6 6. e4 d6 7. Be3 Bg7 8. Be2 O-O 9. Qd2 exd5 10. exd5 c6 11. dxc6 Nxc6 12. Nf3 Na5 13. Rd1 Qc8 14. Nb5 Bxf3 15. Nxd6 Ne4 16. Nxc8 Nxd2 17. Ne7+ Kh8 18. gxf3 Ndb3 19. Rb1 Rfe8 20. Nd5 Rac8 21. c5 bxc5 22. O-O Rcd8 23. Nc3 Nd2 24. Bxd2 Rxd2 25. Bb5 Rb8 26. a4 c4 27. Rfd1 Rbd8 28. Re1 Bd4 29. Nd1 Rd6 30. Re7 a6 31. Be8 Kg8 32. Kf1 Kf8 33. Rd7 Bb6 0-1

[Event "USA Junior-ch 2022"]
[Site "Saint Louis"]
[Date "2022.07.13"]
[Round "6.3"]
[White "Brodsky, David"]
[Black "Liang, Awonder"]
[Result "1-0"]
[ECO "B12"]
[WhiteElo "2496"]
[BlackElo "2625"]
[Annotator "ChessBase"]
[PlyCount "80"]
[EventDate "2022.07.07"]
[EventType "tourn"]
[EventCountry "USA"]
[SourceTitle "playchess.com"]
[Source "ChessBase"]
[SourceQuality "1"]
[TimeControl "40/5400+30:1800+30"]

1. e4 c6 2. d4 d5 3. e5 Bf5 4. Nf3 e6 5. Be2 Nd7 6. O-O h6 7. Nbd2 Ne7 8. Nb3 a6 9. Bd2 g5 10. Ne1 Bg7 11. Nd3 b6 12. c3 c5 13. Ne1 O-O 14. f4 c4 15. fxg5 hxg5 16. Nc1 f6 17. exf6 Nxf6 18. Bxg5 Ne4 19. Be3 Qd7 20. Bh5 Bh7 21. Nf3 Nf5 22. Bf4 Bh6 23. Bxh6 Nxh6 24. Ne2 Qg7 25. Qe1 Kh8 26. Ng3 Rg8 27. Ne5 Ra7 28. Rf3 Bf5 29. Qe2 Qh7 30. Nxe4 Bxe4 31. Rg3 Rxg3 32. hxg3 Nf5 33. g4 Ng3 34. Qf2 Rg7 35. Qxg3 Qxh5 36. Qh3 Qh7 37. Rf1 Kg8 38. Rf6 Re7 39. g5 Qg7 40. Qh6 b5 1-0

[Event "USA Junior-ch 2022"]
[Site "Saint Louis"]
[Date "2022.07.14"]
[Round "6.4"]
[White "Daggupati, Balaji"]
[Black "Mishra, Abhimanyu"]
[Result "1/2-1/2"]
[ECO "B90"]
[WhiteElo "2488"]
[BlackElo "2553"]
[Annotator "ChessBase"]
[PlyCount "163"]
[EventDate "2022.07.07"]
[EventType "tourn"]
[EventCountry "USA"]
[SourceTitle "playchess.com"]
[Source "ChessBase"]
[SourceQuality "1"]
[TimeControl "40/5400+30:1800+30"]

1. e4 c5 2. Nf3 d6 3. d4 cxd4 4. Nxd4 Nf6 5. Nc3 a6 6. Be3 e5 7. Nf3 Be7 8. h3 Be6 9. g4 h6 10. g5 hxg5 11. Nxg5 Nc6 12. Nxe6 fxe6 13. Bc4 Qd7 14. Rg1 Rxh3 15. Qd2 O-O-O 16. O-O-O Bf8 17. Qe2 Kb8 18. Rd3 Nd4 19. Bxd4 Rxd3 20. Qxd3 exd4 21. Qxd4 d5 22. exd5 exd5 23. Bb3 Qf5 24. Re1 Bd6 25. Kb1 Qf4 26. Qxf4 Bxf4 27. Re7 g5 28. f3 d4 29. Ne2 d3 30. cxd3 Rxd3 31. Nxf4 gxf4 32. Rf7 Rd6 33. Kc2 Ka7 34. Rg7 Nd5 35. Kd3 Nb4+ 36. Kc3 Nc6 37. Rg5 Kb6 38. Bd5 Ne7 39. Be4 Nc6 40. Rf5 Nd4 41. Rf7 Nb5+ 42. Kb3 Nc7 43. Kc4 Rd2 44. a4 a5 45. b4 Rd1 46. b5 Rc1+ 47. Kb3 Ka7 48. Rh7 Rc5 49. Rg7 Rc1 50. Rf7 Rc5 51. Rf6 Na8 52. Rxf4 Rc7 53. Bc2 Nb6 54. Rd4 Rg7 55. Rd8 Rc7 56. Rd4 Rg7 57. f4 Rg3+ 58. Rd3 Rg4 59. Rf3 Kb8 60. f5 Rxa4 61. f6 Rb4+ 62. Ka2 Nd7 63. f7 Kc7 64. Rc3+ Kd8 65. Bf5 Nf8 66. Rc8+ Ke7 67. Rc7+ Kf6 68. Bd3 b6 69. Bc4 Kg7 70. Rc8 Kf6 71. Rc6+ Kg7 72. Rc7 Kf6 73. Ka3 Kg7 74. Rc6 Nd7 75. Rc8 Nf8 76. Rc7 Kf6 77. Bd3 Kg7 78. Rb7 Rd4 79. Bc2 Rb4 80. Ba4 Ne6 81. Rxb6 Nc5 82. Bd1 1/2-1/2

[Event "USA Junior-ch 2022"]
[Site "Saint Louis"]
[Date "2022.07.13"]
[Round "6.5"]
[White "Hong, Andrew"]
[Black "Yip, Carissa"]
[Result "1-0"]
[ECO "E73"]
[WhiteElo "2504"]
[BlackElo "2416"]
[Annotator "ChessBase"]
[PlyCount "75"]
[EventDate "2022.07.07"]
[EventType "tourn"]
[EventCountry "USA"]
[SourceTitle "playchess.com"]
[Source "ChessBase"]
[SourceQuality "1"]
[TimeControl "40/5400+30:1800+30"]

1. d4 Nf6 2. c4 g6 3. Nc3 Bg7 4. e4 d6 5. Be2 O-O 6. Be3 c5 7. d5 e6 8. Nf3 exd5 9. cxd5 Ng4 10. Bf4 f5 11. exf5 Bxf5 12. O-O Na6 13. h3 Nf6 14. Nd2 Nb4 15. Nc4 Ne4 16. Nxe4 Bxe4 17. Qd2 Bxd5 18. Bxd6 Rf5 19. a3 Nc6 20. g4 Nd4 21. gxf5 b5 22. Bg3 bxc4 23. fxg6 hxg6 24. Rac1 Qd7 25. Kh2 Re8 26. Bd1 Kh7 27. Rc3 Bb7 28. Qf4 Qd5 29. f3 Nf5 30. Qxc4 Qd2+ 31. Bf2 Be5+ 32. Kg1 Re7 33. Rc2 Qh6 34. Qg4 Bc8 35. Re1 Rd7 36. Rxc5 Bd4 37. Bxd4 Rxd4 38. Qxd4 1-0

[Event "USA Junior-ch 2022"]
[Site "Saint Louis"]
[Date "2022.07.15"]
[Round "7.1"]
[White "Yip, Carissa"]
[Black "Daggupati, Balaji"]
[Result "1/2-1/2"]
[ECO "C45"]
[WhiteElo "2416"]
[BlackElo "2488"]
[Annotator "ChessBase"]
[PlyCount "139"]
[EventDate "2022.07.07"]
[EventType "tourn"]
[EventCountry "USA"]
[SourceTitle "playchess.com"]
[Source "ChessBase"]
[SourceQuality "1"]
[TimeControl "40/5400+30:1800+30"]

1. e4 e5 2. Nf3 Nc6 3. d4 exd4 4. Nxd4 Nf6 5. Nxc6 bxc6 6. e5 Qe7 7. Qe2 Nd5 8. Nd2 a5 9. c4 Nb6 10. g3 Qe6 11. b3 Bb4 12. Bb2 O-O 13. Bg2 d5 14. O-O Ba6 15. Rfc1 Rfd8 16. Nf3 dxc4 17. Qe4 Qg6 18. Qh4 Nd5 19. bxc4 Be7 20. Qd4 Nb4 21. Qc3 Nd3 22. Rd1 Bb4 23. Qc2 Nxb2 24. Qxb2 Bxc4 25. a3 Bf8 26. Rxd8 Rxd8 27. Qc3 Qd3 28. Qxa5 Qc2 29. h3 Rb8 30. Qd2 Rb1+ 31. Rxb1 Qxb1+ 32. Kh2 Bd5 33. a4 Qb3 34. Qf4 h6 35. a5 Qa2 36. Nd4 Bxg2 37. Kxg2 Qd5+ 38. Kh2 Bc5 39. Nf5 Qa2 40. Kg2 Qd5+ 41. Kh2 Kh7 42. Ne3 Qa2 43. h4 Kg8 44. Ng4 h5 45. Ne3 Qxa5 46. e6 fxe6 47. Qe5 Qa2 48. Qxc5 Qxf2+ 49. Kh3 Qg1 50. Qxc6 Qxe3 51. Qe8+ Kh7 52. Qxh5+ Qh6 53. Qe5 Qf6 54. Qxc7 Qf1+ 55. Kh2 Qf2+ 56. Kh3 Kg6 57. Qe7 Qf6 58. Qe8+ Qf7 59. Qxf7+ Kxf7 60. Kg4 Kg6 61. Kf4 Kf6 62. Ke4 e5 63. g4 Ke6 64. Ke3 Kd5 65. h5 Ke6 66. g5 Kf5 67. h6 gxh6 68. gxh6 Kg6 69. Ke4 Kxh6 70. Kxe5 1/2-1/2

[Event "USA Junior-ch 2022"]
[Site "Saint Louis"]
[Date "2022.07.14"]
[Round "7.2"]
[White "Mishra, Abhimanyu"]
[Black "Wang, Justin"]
[Result "0-1"]
[ECO "C54"]
[WhiteElo "2553"]
[BlackElo "2469"]
[Annotator "ChessBase"]
[PlyCount "74"]
[EventDate "2022.07.07"]
[EventType "tourn"]
[EventCountry "USA"]
[SourceTitle "playchess.com"]
[Source "ChessBase"]
[SourceQuality "1"]
[TimeControl "40/5400+30:1800+30"]

1. e4 e5 2. Nf3 Nc6 3. Bc4 Nf6 4. d3 Bc5 5. c3 d6 6. O-O h6 7. Re1 a6 8. a4 Ba7 9. Nbd2 O-O 10. h3 Be6 11. Bxe6 fxe6 12. b4 Qd7 13. Nc4 Nh5 14. Ra2 Nf4 15. Be3 Bxe3 16. fxe3 Ng6 17. Qb3 Nd8 18. d4 Nf7 19. Rf2 Qe7 20. Ncd2 Rae8 21. a5 c6 22. Ref1 Ng5 23. d5 Nxf3+ 24. Nxf3 cxd5 25. exd5 Rf5 26. Nd2 Qg5 27. c4 Rxf2 28. Rxf2 exd5 29. cxd5 e4 30. Nc4 Rc8 31. Rc2 Qg3 32. Rf2 Nh4 33. Qa2 Rc7 34. Kf1 Qh2 35. Nd2 Rc1+ 36. Ke2 Qg1 37. Nf1 Nxg2 0-1

[Event "USA Junior-ch 2022"]
[Site "Saint Louis"]
[Date "2022.07.14"]
[Round "7.3"]
[White "Yoo, Christopher Woojin"]
[Black "Brodsky, David"]
[Result "0-1"]
[ECO "C83"]
[WhiteElo "2550"]
[BlackElo "2496"]
[Annotator "ChessBase"]
[PlyCount "120"]
[EventDate "2022.07.07"]
[EventType "tourn"]
[EventCountry "USA"]
[SourceTitle "playchess.com"]
[Source "ChessBase"]
[SourceQuality "1"]
[TimeControl "40/5400+30:1800+30"]

1. e4 e5 2. Nf3 Nc6 3. Bb5 a6 4. Ba4 Nf6 5. O-O Nxe4 6. d4 b5 7. Bb3 d5 8. dxe5 Be6 9. Be3 Be7 10. c3 O-O 11. Nbd2 Bg4 12. h3 Nxd2 13. hxg4 Nxf1 14. Kxf1 Na5 15. Bxd5 c6 16. Be4 Nc4 17. Qe2 Qd7 18. Bf5 Qd5 19. Bf4 Nxb2 20. e6 Qc4 21. Ne5 Qxe2+ 22. Kxe2 Bf6 23. Rh1 h6 24. exf7+ Rxf7 25. Nxf7 Kxf7 26. Be4 Na4 27. Bxc6 Nxc3+ 28. Kf3 Rd8 29. Rh5 Rd3+ 30. Be3 Bg5 31. Be4 Nxe4 32. Kxe4 Ra3 33. f4 Ra4+ 34. Kf3 Bf6 35. Rc5 Rxa2 36. g5 hxg5 37. fxg5 Ba1 38. Rc6 b4 39. g6+ Ke7 40. Bc5+ Kd7 41. Rd6+ Kc7 42. Bxb4 Bc3 43. Bxc3 Kxd6 44. Bxg7 a5 45. Bf8+ Ke6 46. g7 Kf7 47. Ke3 Rxg2 48. Kd3 Rb2 49. Kc3 Rb7 50. Kc4 a4 51. Bb4 Kxg7 52. Kc3 Kf6 53. Kc4 Ke5 54. Kc3 Kd5 55. Bf8 Rb3+ 56. Kc2 Kc4 57. Bh6 a3 58. Bc1 a2 59. Bb2 Rg3 60. Be5 Rg2+ 0-1

[Event "USA Junior-ch 2022"]
[Site "Saint Louis"]
[Date "2022.07.14"]
[Round "7.4"]
[White "Liang, Awonder"]
[Black "Espinosa, Pedro"]
[Result "1-0"]
[ECO "A05"]
[WhiteElo "2625"]
[BlackElo "2130"]
[Annotator "ChessBase"]
[PlyCount "83"]
[EventDate "2022.07.07"]
[EventType "tourn"]
[EventCountry "USA"]
[SourceTitle "playchess.com"]
[Source "ChessBase"]
[SourceQuality "1"]
[TimeControl "40/5400+30:1800+30"]

1. e4 c5 2. Nf3 d6 3. d3 Nc6 4. g3 Nf6 5. Bg2 g6 6. O-O Bg7 7. Re1 O-O 8. c3 e5 9. a3 h6 10. b4 Be6 11. Bb2 Re8 12. Nbd2 Qd7 13. Nb3 b6 14. d4 cxd4 15. cxd4 Nxd4 16. Nbxd4 exd4 17. e5 Nd5 18. Nxd4 dxe5 19. Nxe6 fxe6 20. Bxe5 Bxe5 21. Rxe5 Rad8 22. Qg4 Kf7 23. Rae1 Nf6 24. Qf3 Qd3 25. R5e3 Qf5 26. Qe2 Rd6 27. Rf3 Qg5 28. h4 Qh5 29. Qa6 Re7 30. Qc8 g5 31. Qc3 Qg6 32. h5 Qg7 33. Bh3 Rd5 34. Bxe6+ Rxe6 35. Qc7+ Kg8 36. Qxg7+ Kxg7 37. Rxe6 Nxh5 38. Rc3 Nf6 39. Rc7+ Kg6 40. Rxa7 b5 41. Raa6 Rf5 42. a4 1-0

[Event "USA Junior-ch 2022"]
[Site "Saint Louis"]
[Date "2022.07.14"]
[Round "7.5"]
[White "Jacobson, Brandon"]
[Black "Hong, Andrew"]
[Result "0-1"]
[ECO "E48"]
[WhiteElo "2544"]
[BlackElo "2504"]
[Annotator "ChessBase"]
[PlyCount "42"]
[EventDate "2022.07.07"]
[EventType "tourn"]
[EventCountry "USA"]
[SourceTitle "playchess.com"]
[Source "ChessBase"]
[SourceQuality "1"]
[TimeControl "40/5400+30:1800+30"]

1. d4 Nf6 2. c4 e6 3. Nc3 Bb4 4. e3 O-O 5. Bd3 d5 6. cxd5 exd5 7. Nge2 Re8 8. Bd2 Nbd7 9. Qc2 c5 10. dxc5 Bxc5 11. O-O Ne5 12. Rfd1 Nfg4 13. Be1 Qh4 14. h3 Nf3+ 15. gxf3 Nxe3 16. Qa4 Qg5+ 17. Ng3 Bxh3 18. Bd2 Qf6 19. Bxh7+ Kh8 20. Bf5 Nxf5 21. Nxd5 Qg6 0-1

[Event "USA Junior-ch 2022"]
[Site "Saint Louis"]
[Date "2022.07.15"]
[Round "8.1"]
[White "Brodsky, David"]
[Black "Espinosa, Pedro"]
[Result "1-0"]
[ECO "B67"]
[WhiteElo "2496"]
[BlackElo "2130"]
[Annotator "ChessBase"]
[PlyCount "81"]
[EventDate "2022.07.07"]
[EventType "tourn"]
[EventCountry "USA"]
[SourceTitle "playchess.com"]
[Source "ChessBase"]
[SourceQuality "1"]
[TimeControl "40/5400+30:1800+30"]

1. e4 c5 2. Nf3 d6 3. d4 cxd4 4. Nxd4 Nf6 5. Nc3 Nc6 6. Bg5 e6 7. Qd2 a6 8. O-O-O Bd7 9. Kb1 Nxd4 10. Qxd4 Be7 11. f3 Qc7 12. Qd2 b5 13. g4 b4 14. Ne2 a5 15. Be3 a4 16. g5 Nh5 17. Qxb4 O-O 18. Ng3 Rab8 19. Qd2 g6 20. Nxh5 gxh5 21. c4 d5 22. exd5 Ba3 23. d6 Qc6 24. Bd4 Bxb2 25. Bxb2 a3 26. Qc3 Rxb2+ 27. Ka1 Rfb8 28. Bd3 Qc5 29. Be4 R8b4 30. Qf6 Rb8 31. g6 fxg6 32. Bxg6 Rxa2+ 33. Kxa2 Qf2+ 34. Ka1 Qb2+ 35. Qxb2 axb2+ 36. Kb1 hxg6 37. Rd2 Rb4 38. Rxb2 Rxc4 39. Rb7 Bc6 40. d7 Rd4 41. Rb8+ 1-0

[Event "USA Junior-ch 2022"]
[Site "Saint Louis"]
[Date "2022.07.15"]
[Round "8.2"]
[White "Hong, Andrew"]
[Black "Liang, Awonder"]
[Result "1/2-1/2"]
[ECO "E51"]
[WhiteElo "2504"]
[BlackElo "2625"]
[Annotator "ChessBase"]
[PlyCount "153"]
[EventDate "2022.07.07"]
[EventType "tourn"]
[EventCountry "USA"]
[SourceTitle "playchess.com"]
[Source "ChessBase"]
[SourceQuality "1"]
[TimeControl "40/5400+30:1800+30"]

1. d4 Nf6 2. c4 e6 3. Nc3 Bb4 4. e3 O-O 5. Nf3 d5 6. Bd2 b6 7. cxd5 exd5 8. Rc1 a6 9. Bd3 Bb7 10. Ne5 Bd6 11. f4 c5 12. Qf3 Nc6 13. Qh3 g6 14. O-O Rc8 15. Be1 cxd4 16. Nxc6 Rxc6 17. exd4 Nh5 18. Bh4 Be7 19. Bxe7 Qxe7 20. g4 Ng7 21. f5 Qb4 22. Qe3 Qxb2 23. fxg6 hxg6 24. Rc2 Qa3 25. Nxd5 Re8 26. Qd2 Qd6 27. Nf6+ Qxf6 28. Rxf6 Rxf6 29. Rc1 Ne6 30. Rf1 Rxf1+ 31. Bxf1 Rd8 32. Qb4 b5 33. Qe7 Bf3 34. Bg2 Bxg2 35. Kxg2 Rxd4 36. Kf3 Rd3+ 37. Ke2 Nf4+ 38. Kf2 Ne6 39. a4 Kg7 40. axb5 axb5 41. Qb7 Rd2+ 42. Kg3 Rd3+ 43. Kf2 Rd4 44. Qxb5 Rxg4 45. Qb2+ Kh7 46. Qb7 Rf4+ 47. Kg3 Rf5 48. Qb1 Rg5+ 49. Kf2 Rf5+ 50. Kg3 Ng7 51. Qb7 Nh5+ 52. Kg2 Nf4+ 53. Kg3 Nd3 54. Qb1 Ne5 55. Qb7 Kg7 56. Qb2 Rg5+ 57. Kf2 f6 58. Qb8 Rf5+ 59. Kg2 Rg5+ 60. Kf2 Rh5 61. Kg3 Rf5 62. Kg2 Rf4 63. Kg3 g5 64. Qb7+ Kg6 65. Qb1+ Kh6 66. Qb8 Ng6 67. Qd8 f5 68. Qf6 Kh5 69. Qg7 g4 70. Qh7+ Kg5 71. h4+ gxh3 72. Qxh3 Nh4 73. Qh1 Rg4+ 74. Kf2 Rg2+ 75. Kf1 Kg4 76. Qxg2+ Nxg2 77. Kxg2 1/2-1/2